Map: [ESL] Royal Blood

Players

RagnaroK (SHIN) - Winner!

  • Race: Zerg Zerg

Clem

  • Race: Terran Terran

Event: IEM Katowice 2023

VOD

Have the link to the VOD?

Description

Time

  • Played on: Feb. 9, 2023, 6:28 a.m.
  • Length: 11:44

All games in this series

Show
View Real Time Build Order
Export as new Build Order

RagnaroK Zerg - Winner!

Build Orders: Hatch First 

Get SALT Encoding   

  12  0:00  Drone  
  13  0:12  Overlord  
  13  0:16  Drone  
  14  0:31  Drone x2  
  16  0:48  Hatchery  
  15  0:50  Drone  
  15  0:55  Drone  
  17  0:58  Drone  
  18  1:09  Extractor  
  17  1:12  Spawning Pool  
  17  1:16  Drone  
  17  1:19  Drone  
  18  1:28  Drone  
  19  1:39  Drone  
  20  1:50  Drone  
  21  2:00  Queen x2  
  21  2:01  Zergling x4  
  27  2:12  Overlord, Drone  
  28  2:21  Hatchery  
  27  2:25  Drone  
  28  2:30  Drone  
  28  2:34  Drone x2  
  31  2:39  Queen  
  33  2:45  Metabolic Boost  
  33  2:50  Overlord  
  33  2:52  Drone  
  33  2:54  Drone  
  33  2:57  Drone  
  36  3:09  Drone x5  
  36  3:12  Queen  
  41  3:16  Overlord  
  41  3:19  Drone  
  44  3:28  Overlord  
  44  3:32  Queen  
  46  3:34  Drone  
  46  3:35  Drone  
  46  3:37  Queen  
  50  3:41  Drone x3  
  50  3:43  Drone  
  50  3:44  Drone  
  50  3:48  Zergling x4  
  57  3:49  Zergling x2  
  57  3:50  Drone  
  57  3:55  Queen  
  59  3:57  Drone  
  59  3:59  Drone  
  59  4:01  Drone  
  64  4:04  Overlord  
  64  4:08  Queen  
  66  4:11  Overlord  
  66  4:14  Overlord  
  66  4:17  Overlord  
  66  4:19  Overlord  
  66  4:21  Overlord  
  66  4:23  Drone  
  67  4:24  Drone  
  67  4:25  Drone  
  67  4:26  Drone  
  67  4:28  Drone x2  
  67  4:30  Drone  
  73  4:31  Drone  
  73  4:35  Lair  
  73  4:37  Drone  
  73  4:38  Extractor  
  74  4:40  Drone  
  74  4:42  Drone x3  
  74  4:43  Drone  
  74  4:45  Spore Crawler  
  78  4:46  Spore Crawler  
  78  4:49  Spore Crawler  
  78  4:50  Drone  
  77  4:53  Drone x3  
  77  4:54  Drone  
  77  4:58  Drone  
  77  4:59  Drone, Baneling Nest  
  82  5:05  Drone x4  
  86  5:08  Drone  
  86  5:11  Extractor  
  86  5:12  Extractor  
  83  5:17  Evolution Chamber  
  83  5:18  Drone x6, Evolution Chamber  
  87  5:26  Overlord  
  87  5:27  Zergling x6  
  90  5:30  Zergling x2  
  90  5:35  Overseer  
  91  5:36  Zergling x8  
  94  5:43  Overlord  
  94  5:44  Centrifugal Hooks  
  94  5:46  Zergling x4  
  96  5:50  Zerg Ground Armor Level 1  
  96  5:52  Overlord  
  96  5:53  Zergling x10  
  96  5:56  Hatchery  
  100  5:58  Zergling x6  
  103  6:07  Zergling x4  
  103  6:11  Zergling x8  
  97  6:15  Zerg Melee Weapons Level 1  
  97  6:17  Zergling x4  
  101  6:21  Zergling x4  
  101  6:23  Zergling x4  
  101  6:25  Hatchery  
  103  6:26  Zergling x4  
  103  6:29  Hatchery  
  103  6:32  Zergling x2  
  105  6:35  Zergling x2  
  105  6:39  Hatchery  
  105  6:40  Zergling x2  
  105  6:45  Drone x4  
  110  6:47  Extractor, Zergling x6  
  110  6:48  Hydralisk Den  
  110  6:52  Zergling x6  
  110  6:53  Baneling x19  
  114  7:00  Overlord, Zergling x2  
  115  7:03  Zergling x2  
  116  7:10  Zergling x2  
  116  7:14  Zergling x4  
  117  7:16  Drone x2  
  117  7:18  Zergling x8  
  115  7:24  Zergling x8  
  114  7:31  Zergling x2  
  114  7:33  Drone  
  114  7:34  Drone  
  116  7:37  Drone  
  116  7:40  Muscular Augments  
  116  7:42  Drone  
  117  7:45  Hydralisk x4  
  117  7:47  Baneling x5, Zerg Ground Armor Level 2  
  117  7:50  Drone x3  
  128  7:52  Hydralisk x2, Spore Crawler  
  128  7:53  Zergling x4  
  128  7:58  Hydralisk x2  
  132  7:59  Zergling x2  
  132  8:03  Hydralisk  
  132  8:04  Zergling x2  
  140  8:08  Overlord  
  140  8:09  Zergling x2  
  141  8:17  Overlord x2  
  141  8:18  Zergling x2  
  141  8:19  Zergling x4  
  142  8:22  Zerg Melee Weapons Level 2  
  142  8:23  Overlord  
  142  8:24  Drone x2  
  141  8:27  Hydralisk  
  141  8:28  Zergling x14, Spore Crawler  
  141  8:31  Overlord  
  149  8:35  Overlord  
  149  8:36  Drone x4  
  149  8:38  Drone  
  149  8:39  Drone x3, Hydralisk  
  149  8:40  Zergling x6  
  162  8:42  Overseer  
  162  8:44  Pneumatized Carapace  
  162  8:46  Zergling x8  
  162  8:47  Hydralisk  
  167  8:51  Hydralisk, Grooved Spines, Zergling x2  
  165  8:57  Hydralisk  
  165  8:58  Zergling x14  
  165  9:00  Zergling x6  
  174  9:04  Zergling x2  
  174  9:08  Zergling x10  
  177  9:10  Zergling x8  
  177  9:13  Zergling x6  
  177  9:14  Zergling x2  
  177  9:16  Baneling x12  
  177  9:17  Baneling  
  183  9:21  Zergling x6  
  183  9:22  Zergling x4  
  175  9:24  Zergling x6  
  175  9:27  Baneling x5  
  175  9:28  Zergling x6  
  181  9:32  Zergling x8  
  181  9:36  Zergling x2  
  181  9:37  Zergling x2  
  184  9:40  Zergling x2  
  184  9:42  Zergling x12  
  184  9:43  Zergling x4  
  184  9:44  Zergling x2  
  184  9:45  Zergling x4  
  181  9:47  Zergling x2  
  181  9:52  Zergling x6  
  179  9:53  Baneling x3  
  179  9:54  Baneling x13  
  179  9:56  Zergling x10  
  179  9:58  Zergling x6  
  187  10:00  Baneling x3  
  187  10:04  Baneling x3  
  187  10:05  Zergling x6  
  190  10:07  Overlord  
  190  10:12  Zergling x6  
  189  10:17  Overseer  
  189  10:18  Overlord x7, Overseer  
  173  10:25  Baneling x7  
  173  10:27  Zergling x16  
  179  10:30  Zergling x6  
  182  10:35  Zergling x2  
  182  10:36  Zergling x2  
  182  10:40  Zergling x20  
  173  10:44  Hydralisk  
  173  10:45  Zergling x2  
  173  10:46  Zergling x4  
  173  10:49  Zergling x4  
  178  10:53  Zergling x4  
  179  10:59  Zergling x14  
  179  11:03  Infestation Pit, Zergling x14  
  190  11:05  Zergling x4  
  190  11:06  Baneling, Zergling x2  
  190  11:07  Baneling x8  
  188  11:13  Zergling x10  
  182  11:19  Zergling x2  
  182  11:21  Zergling x4  
  182  11:22  Zergling x4  
  182  11:24  Zergling x8  
  177  11:26  Zergling x2  
  180  11:40  Hatchery  
Show
View Real Time Build Order
Export as new Build Order

Clem Terran 

Build Orders: Reaper Expand, Hellion Banshee 

Get SALT Encoding   

  12  0:00  SCV  
  13  0:12  SCV  
  14  0:16  Supply Depot  
  14  0:24  SCV  
  15  0:38  SCV  
  15  0:40  Barracks  
  16  0:42  Refinery  
  16  0:50  SCV  
  17  1:02  SCV  
  18  1:14  SCV  
  19  1:27  Orbital Command, Reaper  
  20  1:38  Command Center  
  20  1:47  Supply Depot  
  20  1:52  SCV  
  21  1:58  Marine  
  22  2:05  SCV  
  23  2:11  Factory  
  23  2:17  SCV  
  23  2:19  Barracks Reactor  
  24  2:29  SCV  
  25  2:37  Command Center  
  25  2:41  SCV  
  26  2:49  Orbital Command  
  26  2:53  SCV  
  26  2:58  Starport  
  27  3:02  Refinery  
  27  3:05  SCV  
  28  3:08  Hellion  
  30  3:13  Hellion  
  30  3:15  SCV  
  30  3:18  SCV  
  34  3:22  Barracks Tech Lab  
  34  3:27  SCV  
  34  3:30  SCV, Hellion  
  38  3:34  Hellion  
  38  3:40  SCV  
  41  3:42  SCV  
  41  3:43  Banshee  
  45  3:48  Orbital Command  
  45  3:52  SCV  
  45  3:53  Cloaking Field  
  45  3:54  SCV  
  47  3:57  Hellion  
  47  3:59  Hellion  
  51  4:03  Supply Depot  
  51  4:04  SCV  
  51  4:07  SCV  
  51  4:09  Barracks Tech Lab  
  53  4:14  Orbital Command  
  53  4:16  SCV  
  55  4:19  SCV  
  55  4:23  Barracks  
  55  4:26  Banshee  
  55  4:27  Factory Reactor  
  55  4:28  Barracks, SCV  
  59  4:32  SCV  
  59  4:34  Supply Depot  
  59  4:36  Marine  
  61  4:39  Refinery  
  61  4:40  SCV x2  
  61  4:41  Refinery  
  61  4:43  Stimpack  
  61  4:45  SCV  
  64  4:53  Marine, Engineering Bay  
  64  4:54  Engineering Bay  
  64  4:55  SCV x2  
  67  5:00  SCV, Supply Depot  
  69  5:07  SCV x2  
  69  5:11  Marine  
  69  5:12  SCV  
  72  5:16  Marine x2  
  72  5:19  SCV x2  
  72  5:20  Supply Depot, Starport Reactor  
  76  5:22  Marine x2, Supply Depot  
  76  5:24  SCV  
  79  5:29  Siege Tank, Marine  
  79  5:31  SCV  
  79  5:32  SCV  
  85  5:37  Barracks  
  85  5:38  Barracks  
  85  5:39  Terran Infantry Weapons Level 1  
  85  5:41  Marine, Terran Infantry Armor Level 1  
  86  5:43  SCV  
  86  5:46  Marine  
  86  5:47  Marine x2  
  86  5:49  SCV x2  
  92  5:50  Marine  
  92  5:52  Supply Depot  
  92  5:55  SCV  
  94  5:59  Marine  
  94  6:01  Siege Tank, SCV  
  94  6:03  Medivac  
  101  6:04  Marine  
  101  6:05  SCV  
  101  6:08  Marine  
  101  6:09  Medivac, SCV  
  101  6:10  Marine  
  97  6:12  Marine  
  97  6:13  SCV  
  97  6:14  Supply Depot  
  97  6:17  Marine, SCV  
  99  6:21  SCV  
  99  6:22  Marine  
  99  6:23  Combat Shield, Supply Depot  
  99  6:25  SCV  
  102  6:26  Marine  
  102  6:27  Barracks Reactor x2  
  102  6:28  Marine  
  102  6:31  Missile Turret x2  
  105  6:32  Missile Turret  
  105  6:33  Marine, SCV  
  105  6:34  Marine  
  105  6:37  Siege Tank  
  111  6:40  Medivac  
  111  6:42  Marine  
  111  6:44  Marine  
  111  6:46  Marine, Refinery  
  114  6:51  Marine  
  114  6:52  Medivac  
  114  6:53  Supply Depot  
  118  6:54  Marine  
  118  6:56  SCV x2  
  118  6:57  SCV  
  118  6:59  Marine, Factory  
  123  7:03  Marine x2, Supply Depot x2  
  125  7:08  Supply Depot  
  125  7:12  Marine x3  
  125  7:14  Marine x2, Medivac  
  129  7:16  Marine  
  129  7:17  Marine  
  129  7:21  Marine x2  
  131  7:23  SCV  
  131  7:26  Supply Depot  
  131  7:29  Siege Tank  
  120  7:30  Marine x3, Command Center  
  120  7:32  Marine  
  120  7:34  Medivac  
  123  7:37  Marine x2  
  123  7:38  Marine  
  123  7:39  Marine x2  
  123  7:44  Factory Reactor  
  125  7:47  Marine, Armory  
  125  7:48  Marine x2  
  125  7:49  Medivac  
  130  7:52  Supply Depot  
  130  7:56  Marine  
  130  7:57  Marine x2, Supply Depot  
  133  7:59  Marine x2  
  133  8:03  Widow Mine  
  133  8:04  Marine, Supply Depot  
  133  8:05  Marine, Medivac  
  140  8:06  Marine  
  140  8:11  Marine  
  140  8:12  Sensor Tower  
  143  8:14  Marine x2  
  143  8:15  Marine  
  143  8:17  Marine x2, SCV  
  145  8:21  Marine  
  145  8:23  Marine x2  
  145  8:24  Siege Tank, Widow Mine x2  
  155  8:29  Marine  
  155  8:30  SCV x3  
  155  8:34  Medivac  
  161  8:36  Terran Infantry Weapons Level 2  
  161  8:37  Marine x3  
  164  8:42  SCV x2  
  164  8:44  Marine, Supply Depot  
  164  8:45  Widow Mine  
  164  8:47  Marine  
  169  8:49  Widow Mine  
  169  8:51  Marine x2, Terran Infantry Armor Level 2  
  173  8:56  Marine x2  
  173  8:57  Widow Mine  
  173  8:58  Marine  
  173  8:59  Marine  
  173  9:00  Marine  
  175  9:03  SCV x3  
  175  9:05  Marine  
  175  9:07  Marine  
  175  9:08  Widow Mine  
  175  9:09  Marine  
  183  9:16  SCV  
  184  9:18  Barracks x2, Marauder  
  184  9:19  Marine x2, Widow Mine  
  184  9:20  Barracks  
  190  9:25  Widow Mine  
  190  9:26  Planetary Fortress  
  190  9:30  Widow Mine  
  194  9:33  Terran Vehicle And Ship Armor Level 1  
  194  9:35  SCV  
  194  9:36  Refinery  
  194  9:38  Marine  
  192  9:40  Widow Mine  
  192  9:44  Marine  
  184  9:46  Widow Mine  
  184  9:52  Marine x2, Widow Mine  
  185  9:55  SCV x2  
  185  9:56  SCV  
  185  9:57  Command Center  
  185  9:59  Marauder  
  85  10:00  Medivac x2  
  190  10:01  Marine  
  190  10:02  Widow Mine  
  190  10:06  Marine  
  197  10:07  SCV  
  197  10:08  Widow Mine  
  197  10:10  Barracks Tech Lab x2  
  197  10:11  Marine  
  199  10:14  Marine  
  199  10:19  Widow Mine  
  199  10:20  Marauder  
  189  10:21  Marine  
  188  10:30  Marine, Widow Mine  
  188  10:31  Marine x2, Marauder x2  
  188  10:32  Marine x2  
  199  10:35  SCV  
  199  10:42  Marauder  
  188  10:43  Medivac  
  188  10:47  SCV x2  
  188  10:48  Refinery  
  188  10:49  Marine x2  
  183  10:50  Medivac  
  183  10:51  Ghost Academy, Widow Mine  
  183  10:52  Marine x2, Marauder x2  
  192  11:00  Marine  
  192  11:01  Marine x2  
  192  11:03  Marauder  
  178  11:10  Marine x2  
  180  11:12  Marine  
  180  11:13  Marine, Marauder, Widow Mine  
  180  11:14  Marine x2, Marauder  
  170  11:18  Marine x2  
  170  11:19  Marine  
  167  11:27  SCV x2  
  167  11:30  SCV  

Tags
 
Add a new tag
Caveats
  • Supply blocks, unpowered buildings, or Contaminate may cause inaccurate times.
  • Supply counts are checked every 10 seconds.